 Dungeon Crawl Stone Soup version 0.18.1-6-gd335043 (webtiles) character file.

1645 GordonOverkill the Arsonist (level 8, -13/57 HPs)
             Began as a Yellow Draconian Fire Elementalist on May 17, 2016.
             Was a Follower of Elyvilon.
             Mangled by a hill giant
             ... wielding a +0 giant spiked club
              (37 damage)
             ... on level 6 of the Dungeon.
             The game lasted 00:30:05 (7911 turns).

GordonOverkill the Arsonist (DrFE)                  Turns: 7911, Time: 00:30:07

Health: -13/57     AC:  9    Str: 11    XL:     8   Next: 67%
Magic:  4/11       EV: 12    Int: 18    God:    Elyvilon [*.....]
Gold:   382        SH:  0    Dex: 11    Spells: 3 memorised, 3 levels left

rFire  . . .     SeeInvis .     d - +2 dagger (elec)
rCold  . . .     Gourm    .     (armour unavailable)
rNeg   . . .     Faith    .     (no shield)
rPois  +         Spirit   .     (helmet restricted)
rElec  .         Dismiss  .     y - +2 cloak {rPois}
rCorr  +         Reflect  .     (no gloves)
SustAt .         Harm     .     (no boots)
MR     .....                    (no amulet)
Stlth  +++.......               s - ring of poison resistance
                                f - ring of stealth

@: not resistant to hostile enchantments, fairly stealthy
A: spit acid, acid resistance, unfitting armour, cold-blooded, AC +6
a: Spit Acid, Lesser Healing, Divine Protection, Renounce Religion


You were on level 6 of the Dungeon.
You worshipped Elyvilon.
Elyvilon was aware of your devotion.
You were hungry.

You visited 2 branches of the dungeon, and saw 7 of its levels.

You collected 382 gold pieces.

Inventory:

Hand Weapons
 d - a +2 dagger of electrocution (weapon)
Missiles
 v - a throwing net (quivered)
 x - 5 curare-tipped needles
Armour
 y - a +2 cloak of poison resistance (worn)
Rods
 u - a +0 rod of clouds (10/10)
   (You found it on level 3 of the Dungeon)
Jewellery
 f - a ring of stealth (left hand)
 s - a ring of poison resistance (right hand)
 A - an uncursed ring of protection from cold {unknown}
 D - an uncursed amulet of regeneration {unknown}
Wands
 l - a wand of flame (16/48)
 E - a wand of teleportation (3/9)
Scrolls
 h - 2 scrolls of remove curse
 i - a scroll of fog
 t - 5 scrolls of teleportation
 w - a scroll of enchant armour
Potions
 c - 3 potions of might
 e - a potion of magic
 g - a potion of lignification
 j - a potion of resistance {unknown}
 o - 2 potions of brilliance {unknown}
 q - 3 potions of curing
 r - a potion of agility {unknown}
 B - a potion of flight {unknown}
 C - a potion of mutation {unknown}
 F - a potion of berserk rage {unknown}
Books
 a - a book of Flames

   Spells                             Type                      Level
   a - Flame Tongue                   Conjuration/Fire             1
   b - Throw Flame                    Conjuration/Fire             2
   c - Conjure Flame                  Conjuration/Fire             3
   d - Inner Flame                    Hexes/Fire                   3
   e - Sticky Flame                   Conjuration/Fire             4
   f - Fireball                       Conjuration/Fire             5
 k - a book of Conjurations

   Spells                             Type                      Level
   a - Magic Dart                     Conjuration                  1
   b - Searing Ray                    Conjuration                  2
   c - Dazzling Spray                 Conjuration/Hexes            3
   d - Fulminant Prism                Conjuration/Hexes            4
   e - Iskenderun's Mystic Blast      Conjuration                  4
   f - Iskenderun's Battlesphere      Conjuration/Charms           5
Comestibles
 b - 6 bread rations
 m - a meat ration
 n - a royal jelly
 p - 3 slices of pizza
 z - 8 fruits
 G - 6 chunks of flesh


   Skills:
 - Level 1.7 Dodging
 - Level 1.7 Stealth
 - Level 2.0 Spellcasting
 + Level 7.1 Conjurations
 - Level 9.0 Fire Magic


You had 3 spell levels left.
You knew the following spells:

 Your Spells              Type           Power        Failure   Level  Hunger
a - Flame Tongue          Conj/Fire      ####.        1%          1    #......
b - Conjure Flame         Conj/Fire      ####....     1%          3    ###....
c - Sticky Flame          Conj/Fire      ####....     8%          4    #####..


Dungeon Overview and Level Annotations

Branches:
Dungeon (6/15)             Temple (1/1) D:4

Altars:
Ashenzari
Cheibriados
Dithmenos
Elyvilon
Fedhas
Gozag
Kikubaaqudgha
Makhleb
Okawaru
Pakellas
Ru
Yredelemnul
Zin
The Shining One

Shops:
D:6 [

Annotations:
D:5 subsebi's ghost, novice DsCK


Innate Abilities, Weirdness & Mutations

You can spit globs of acid.
You are resistant to acid.
Your golden yellow scales are hard (AC +6).
Your body does not fit into most forms of armour.
You are cold-blooded and may be slowed by cold attacks.


Message History

The orc warrior shouts!
The orc warrior throws a tomahawk.
The tomahawk hits you!
You see here a tomahawk.
The orc warrior throws a tomahawk.
The tomahawk hits you!
You see here a tomahawk.
The orc warrior throws a tomahawk.
The tomahawk closely misses you.
You see here a tomahawk.
An orc warrior is nearby!
Casting: Sticky Flame
Confirm with . or Enter, or press ? or * to list all spells.
Aiming: Sticky Flame
Press: ? - help, Shift-Dir - straight line, f/p - hill giant
Aim: a hill giant, wielding a giant spiked club (lightly wounded)
The sticky flame hits the hill giant.
The hill giant is moderately wounded.
The hill giant is covered in liquid flames!
The hill giant burns!
The hill giant hits you with a giant spiked club!!!
Ouch! That really hurt!
You die...

### #.# #.# .#
...##.# #.# #.#
##.##.# #.# #)#
#.# #.####.#####
#.# #....>.....
#.# #......#.#
#.#####.....[..#
#..........C.###
#######...(#@#
#.#C##.#
#.#.##..
#.#)#######..
####.#........).
....>......#####
......#....#
########...#
#.#.#


You could see a hill giant (burning).

Vanquished Creatures
  Pikel (D:6)
  2 phantoms
  A slave (D:6)
  A scorpion (D:5)
  4 wights (D:6)
  2 howler monkeys
  2 hounds
  3 orc wizards (D:5)
  6 orc priests
  A centaur skeleton (D:4)
  3 worker ants
  Natasha (thrice) (D:2)
  5 gnolls
  9 adders
  A shadow imp (D:6)
  An adder skeleton (D:5)
  4 worms
  5 dart slugs
  5 giant geckos
  18 orcs
  4 ball pythons
  7 giant cockroaches
  8 goblins
  6 hobgoblins
  5 kobolds
  3 quokkas
  8 bats
  2 giant newts
  12 rats
132 creatures vanquished.

Vanquished Creatures (others)
  Duvessa (D:4)
  3 slaves (D:6)
  2 giant frogs (D:6)
  Dowan (D:4)
  An orc priest (D:6)
  An iguana (D:4)
  An orc wizard (D:6)
  2 orcs (D:6)
12 creatures vanquished.

Grand Total: 144 creatures vanquished

Notes
Turn   | Place    | Note
--------------------------------------------------------------
     0 | D:1      | GordonOverkill the Draconian Fire Elementalist began the quest for the Orb.
     0 | D:1      | Reached XP level 1. HP: 14/14 MP: 3/3
   445 | D:1      | Reached XP level 2. HP: 20/20 MP: 3/5
   623 | D:1      | Found a snail-covered altar of Cheibriados.
   883 | D:1      | Reached XP level 3. HP: 17/26 MP: 4/6
  1389 | D:2      | Noticed Natasha
  1404 | D:2      | Killed Natasha
  1404 | D:2      | Reached XP level 4. HP: 19/33 MP: 4/7
  1606 | D:2      | Found a burning altar of Makhleb.
  1676 | D:2      | Noticed Natasha
  1683 | D:2      | Killed Natasha
  1723 | D:2      | Noticed Natasha
  1726 | D:2      | Killed Natasha
  1726 | D:2      | Reached skill level 4 in Fire Magic
  1765 | D:2      | Learned a level 4 spell: Sticky Flame
  1773 | D:2      | Reached XP level 5. HP: 38/38 MP: 6/8
  1787 | D:2      | Learned a level 3 spell: Conjure Flame
  2490 | D:3      | Identified a +0 rod of clouds (10/10) (You found it on level 3 of the Dungeon)
  2851 | D:3      | Found an oddly glowing altar of Pakellas.
  2874 | D:3      | Reached skill level 5 in Fire Magic
  3537 | D:3      | Reached XP level 6. HP: 45/45 MP: 9/9
  3908 | D:4      | Reached skill level 5 in Conjurations
  3999 | D:4      | Killed Dowan
  4001 | D:4      | Killed Duvessa
  4333 | D:4      | Your scales start taking on a golden yellow colour.
  4333 | D:4      | Reached XP level 7. HP: 50/50 MP: 8/10
  4605 | D:4      | Found a shattered altar of Ashenzari.
  4697 | D:4      | Found a staircase to the Ecumenical Temple.
  4824 | Temple   | Entered the Ecumenical Temple
  5000 | D:5      | Entered Level 5 of the Dungeon
  5465 | D:5      | Reached skill level 6 in Fire Magic
  5561 | D:5      | Noticed subsebi's ghost (novice DsCK)
  5567 | D:5      | Found a glowing golden altar of the Shining One.
  5567 | D:5      | Found a white marble altar of Elyvilon.
  5568 | D:5      | Found a glowing silver altar of Zin.
  5577 | D:5      | Became a worshipper of Elyvilon the Healer
  5901 | D:5      | Reached skill level 7 in Fire Magic
  6902 | D:6      | Noticed Pikel
  6922 | D:6      | Killed Pikel
  6922 | D:6      | Reached skill level 9 in Fire Magic
  6922 | D:6      | Reached XP level 8. HP: 50/57 MP: 3/11
  6988 | D:6      | Reached * piety under Elyvilon
  7226 | D:6      | Found an ancient bone altar of Kikubaaqudgha.
  7331 | D:6      | Found Jeychoz's Armour Emporium.
  7898 | D:6      | Noticed a hill giant
  7911 | D:6      | Mangled by a hill giant

Skill      XL: |  1  2  3  4  5  6  7  8 |
---------------+-------------------------+-----
Conjurations   | 2 3 4 6 7 |  7.1
Fire Magic     | 4 5 9 |  9.0
Dodging        | |  1.7
Stealth        | |  1.7
Spellcasting   | |  2.0

Action                   |  1- 3 |  4- 6 |  7- 9 || total
-------------------------+-------+-------+-------++-------
Melee: Dagger            |    24 |    68 |   109 ||   201
       Tailslap          |     3 |     3 |     4 ||    10
 Cast: Flame Tongue      |    32 |    75 |    18 ||   125
       Sticky Flame      |       |     7 |    23 ||    30
       Conjure Flame     |       |     1 |     1 ||     2
  Use: Scroll            |       |    16 |       ||    16
 Stab: Sleeping          |       |     5 |     3 ||     8
  Eat: Chunk             |     1 |    13 |    10 ||    24
       Beef jerky        |       |       |     1 ||     1
       Meat ration       |       |       |     1 ||     1
       Fruit             |       |       |     1 ||     1
Armor: Skin              |     6 |    27 |    48 ||    81
Dodge: Dodged            |    14 |    47 |    69 ||   130
